 Dungeon Crawl Stone Soup version 0.26-a0-1139-g7d2dc893a1 (webtiles) character file.

Game seed: 11757689752773856378

5233 sudoninja17 the Grappler (level 10, -1/106 HPs)
             Began as a Troll Berserker on Dec 21, 2020.
             Was an Elder of Trog.
             Succumbed to a soldier ant's poison
             ... on level 10 of the Dungeon.
             The game lasted 00:17:08 (3637 turns).

sudoninja17 the Grappler (Troll Berserker)          Turns: 3637, Time: 00:17:09

Health: -1/106     AC: 11    Str: 29    XL:     10   Next: 35%
Magic:  9/9        EV: 12    Int:  5    God:    Trog [****..]
Gold:   362        SH:  0    Dex: 10    Spells: 9/9 levels left

rFire    . . .     SeeInvis +     - Unarmed
rCold    . . .     Faith    .   (no shield)
rNeg     . . .     Spirit   .   a - +0 animal skin
rPois    .         Reflect  .   p - +3 crown of Dyrovepreva {rElec Int+2 SInv}
rElec    +         Harm     .   r - +1 cloak
rCorr    .         Rampage  .   (gloves unavailable)
Will     .....                  (boots unavailable)
Stlth    ++........             (no amulet)
HPRegen  0.67/turn              w - ring of stealth
MPRegen  0.11/turn              (no ring)

@: lethally poisoned (-1 -> -49)
A: large, unfitting armour, claws 3, regeneration 1, shaggy fur 1, tough skin 3
a: Renounce Religion, Berserk, Trog's Hand, Brothers in Arms


You were on level 10 of the Dungeon.
You worshipped Trog.
Trog was greatly pleased with you.
You visited 1 branch of the dungeon, and saw 10 of its levels.

You collected 362 gold pieces.

Inventory:

Hand Weapons
 f - a +1 vorpal flail
 t - a +4 dagger of chaos
 v - a +2 hand axe of electrocution
 z - a +0 dagger
Missiles
 y - 2 large rocks
Armour
 a - a +0 animal skin (worn)
 p - the +3 crown of Dyrovepreva (worn) {rElec Int+2 SInv}
   (You found it on level 6 of the Dungeon)

   It affects your intelligence (+2).
   It insulates you from electricity.
   It lets you see invisible.
 r - a +1 cloak (worn)
Jewellery
 m - the ring "Nuod" {Wiz Int+3 Slay-2 Stlth+}
   (You found it on level 5 of the Dungeon)

   [ring of wizardry]

   It improves your spell success rate.
   It affects your intelligence (+3).
   It affects your accuracy and damage with ranged weapons and melee attacks
   (-2).
   It makes you more stealthy.
 w - a ring of stealth (left claw)
Wands
 o - a wand of flame (11)
 q - a wand of digging (5)
Scrolls
 b - 3 scrolls of immolation {unknown}
 c - 2 scrolls of identify
 e - a scroll of fear {unknown}
 g - 3 scrolls of enchant armour {unknown}
 j - a scroll of magic mapping {unknown}
 k - a scroll of amnesia {unknown}
 l - 3 scrolls of remove curse {unknown}
 s - 2 scrolls of teleportation {unknown}
 x - a scroll of fog {unknown}
Potions
 d - a potion of lignification {unknown}
 i - a potion of flight {unknown}
 n - a potion of attraction
 u - a potion of invisibility {unknown}
 A - a potion of magic {unknown}


   Skills:
 - Level 8.5 Fighting
 + Level 5.1 Armour
 + Level 5.8 Dodging
 - Level 8.7 Unarmed Combat


You had 9 spell levels left.
You didn't know any spells.
Your spell library contained the following spells:

 Spells                   Type           Power        Failure   Level
 Summon Small Mammal      Summ           0%           47%         1
 Call Imp                 Summ           0%           63%         2
 Call Canine Familiar     Summ           0%           85%         3
 Summon Guardian Golem    Hex/Summ       0%           85%         3
 Summon Ice Beast         Ice/Summ       0%           99%         4
 Summon Lightning Spire   Summ/Air       0%           99%         4


Dungeon Overview and Level Annotations

Branches:
Dungeon (10/15)            Temple (0/1) D:4
   Lair: D:8-11         Orc: D:9-12

Altars:
Ashenzari
Makhleb
Nemelex Xobeh
Ru
Uskayaw
Vehumet
Yredelemnul

Shops:
D:4 [   D:9 !?   D:10 *


Innate Abilities, Weirdness & Mutations

You are too large for most types of armour.
You have claws for hands.
Your natural rate of healing is unusually fast.
You are covered in fur. (AC +1)
You have extremely tough skin. (AC +3)


Message History

You feel sick. The soldier ant stings you.
* * * LOW HITPOINT WARNING * * *
You are more poisoned.
The soldier ant poisons you!
You scratch the soldier ant.
The soldier ant is almost dead.
* * * LOW HITPOINT WARNING * * *
You feel very sick.
The soldier ant stings you but does no damage.
You closely miss the soldier ant.
The soldier ant is almost dead.
* * * LOW HITPOINT WARNING * * *
You feel very sick. The soldier ant stings you!
* * * LOW HITPOINT WARNING * * *
You are more poisoned.
The soldier ant poisons you!
You closely miss the soldier ant.
The soldier ant is almost dead.
You die...

#............. #..#
##............ #..#
#............ #..#
#.8.......... #..#
###.<...####(.. #..#
#.8.∩.8.# #).# # #..#
#.....### #)##
##.#†.###...8..## ##)#
#.....@.........###..#
#....##B†....###......#
......# ##.....#
##.....# ..!.##
##....## #.....# ...
###.....####....## ..
##........##....... .
....................
....###.............
.... ##............


You could see a soldier ant.

Vanquished Creatures
  A two-headed ogre (D:9)
  A centaur zombie (D:10)
  Psyche (D:8)
  2 centaur skeletons
  A wyvern (D:8)
  3 soldier ants (D:10)
  A black bear (D:6)
  An ice beast (D:9)
  An orc warrior (D:9)
  A sky beast (D:6)
  A necrophage (D:6)
  6 ogres
  A phantom (D:5)
  4 big kobolds
  Blork the orc (D:5)
  3 bullfrogs
  A scorpion (D:4)
  3 howler monkeys (D:7)
  2 quasits (D:7)
  3 jellies
  5 orc priests
  2 hounds
  A gnoll shaman (D:9)
  6 worker ants
  10 orc wizards
  A killer bee zombie (D:9)
  A hound zombie (D:8)
  3 hound skeletons
  9 gnolls (D:9)
  5 adders
  A shadow imp (D:7)
  A white imp (D:8)
  2 adder zombies
  2 worms
  3 leopard geckos
  28 orcs
  2 bats
  3 giant cockroaches
  3 goblins
  A hobgoblin (D:2)
  4 jackals
  4 frilled lizards
  15 kobolds
  A quokka skeleton (D:6)
  5 rats
156 creatures vanquished.

Vanquished Creatures (others)
  A plant (D:8)
1 creature vanquished.

Grand Total: 157 creatures vanquished

Notes
Turn   | Place    | Note
-------+----------+-------------------------------------------
     0 | D:1      | sudoninja17 the Troll Berserker began the quest for the
                  | Orb.
     0 | D:1      | Reached XP level 1. HP: 22/22 MP: 0/0
    99 | D:2      | Reached XP level 2. HP: 29/29 MP: 1/1
   148 | D:2      | Reached XP level 3. HP: 36/37 MP: 2/2
   396 | D:3      | Reached XP level 4. HP: 39/48 MP: 3/3
   402 | D:3      | Reached ** piety under Trog
   479 | D:4      | Found Iraypn's Antique Armour Boutique.
   549 | D:4      | Reached XP level 5. HP: 47/55 MP: 4/4
   715 | D:4      | Found a staircase to the Ecumenical Temple.
   735 | D:4      | Reached skill level 5 in Fighting
   930 | D:5      | Entered Level 5 of the Dungeon
  1124 | D:5      | Noticed a phantom
  1128 | D:5      | Noticed an ogre
  1152 | D:5      | Killed a phantom
  1153 | D:5      | Reached XP level 6. HP: 67/67 MP: 5/5
  1187 | D:5      | Got a faintly glowing marble ring
  1191 | D:5      | Identified the ring "Nuod" {Wiz Int+3 Slay-2 Stlth+} (You
                  | found it on level 5 of the Dungeon)
  1369 | D:5      | Found a basalt altar of Yredelemnul.
  1388 | D:5      | Found a sacrificial altar of Ru.
  1396 | D:5      | Noticed a +0 hand axe
  1396 | D:5      | Noticed a +0 dagger
  1397 | D:5      | Found a hide-covered altar of Uskayaw.
  1411 | D:5      | Noticed Blork the orc
  1426 | D:5      | Killed Blork the orc
  1427 | D:5      | Reached XP level 7. HP: 76/76 MP: 6/6
  1579 | D:6      | Found the +3 crown of Dyrovepreva {rElec Int+2 SInv}
  1767 | D:6      | Reached XP level 8. HP: 75/88 MP: 7/7
  1827 | D:6      | Reached *** piety under Trog
  2060 | D:7      | Found a burning altar of Makhleb.
  2082 | D:7      | Reached skill level 5 in Unarmed Combat
  2359 | D:7      | Found a sparkling altar of Nemelex Xobeh.
  2656 | D:8      | Reached XP level 9. HP: 97/97 MP: 8/8
  2657 | D:8      | Noticed Psyche
  2666 | D:8      | Found a broken altar of Ashenzari.
  2671 | D:8      | Killed Psyche
  2671 | D:8      | Reached **** piety under Trog
  3187 | D:9      | Reached skill level 1 in Armour
  3249 | D:9      | Noticed a two-headed ogre
  3256 | D:9      | Killed a two-headed ogre
  3295 | D:9      | Reached XP level 10. HP: 94/106 MP: 9/9
  3364 | D:9      | Found Qyblyrhy's Magic Scroll Shoppe.
  3420 | D:9      | Found Leqoh's Distillery.
  3470 | D:9      | Found a radiant altar of Vehumet.
  3484 | D:10     | Entered Level 10 of the Dungeon
  3493 | D:10     | Reached skill level 5 in Dodging
  3506 | D:10     | Found Fupnyl's General Store.
  3617 | D:10     | Reached skill level 5 in Armour
  3636 | D:10     | HP: 2/106 [soldier ant (8)]
  3637 | D:10     | Succumbed to a soldier ant's poison

Illustrated notes

Levels and vault maps discovered:
D:1:      lemuel_arrival_cross, layout_basic, serial_glass, glass_columns_c,
          glass_columns_a, item_on_display_a, due_unseen_surprise,
          item_on_display_a
D:2:      layout_basic, gammafunk_temple_overflow_wave, grunt_ministairs_1,
          minmay_misc_feat_tower
D:3:      layout_basic, general_overflow_altar, st_stairs_10,
          chequers_big_river, serial_bayou_crossing
D:4:      layout_loops_ring, minmay_temple_entry_metal_lava,
          gup_sewer_entry_spiral, serial_shops, nicolae_shop_overgrown_old_shop,
          kennysheep_windowed_goal
D:5:      layout_gridville, lemuel_crystal_altar, kennysheep_little_box,
          dancing_weapons_uskayaw, serial_shops, nicolae_shop_behind_doors,
          serial_bayou_pond_e, uniq_grinder, uniq_blork_the_orc
D:6:      layout_basic, ebering_dispersal_statue_hall
D:7:      layout_basic, lemuel_crystal_altar, nemelex_xobeh_ov_fountains_minmay,
          led_sif_book
D:8:      layout_rooms, ashenzari_conservatory_becter,
          nicolae_overflow_crystal_walls, kennysheep_pointless_box,
          hangedman_ranch [blue_anna_fruit_fields], uniq_psyche
D:9:      layout_irregular_city, serial_shops, shop, shop, shop, basic_altar
D:10:     layout_layer_cave, orc_0_dummy, serial_shops,
          nicolae_shop_statue_plus, shop_statue, shop, shop_statue,
          minivault_29, uniq_maurice

Skill      XL: |  1  2  3  4  5  6  7  8  9 10 |
---------------+-------------------------------+-----
Fighting       | 3 4 5 6 8 |  8.5
Unarmed Combat | 7 8 |  8.7
Armour         | 3 5 |  5.1
Dodging        | 4 5 |  5.8

Action                   |  1- 3 |  4- 6 |  7- 9 | 10-12 || total
-------------------------+-------+-------+-------+-------++-------
Melee: Unarmed           |    72 |   100 |   217 |    91 ||   480
       Punch             |     2 |     1 |     8 |     1 ||    12
Invok: Berserk           |     1 |     3 |     3 |     1 ||     8
Evoke: Wand              |       |       |     1 |       ||     1
  Use: Scroll            |       |     1 |     2 |     1 ||     4
       Potion            |       |       |     3 |     1 ||     4
Armor: Animal skin       |    29 |    28 |    85 |    30 ||   172
Dodge: Dodged            |    43 |    48 |   113 |    51 ||   255

Table legend: (Time is in decaauts)
 A = Elapsed time spent in this place.
 B = Non-inter-level travel time spent in this place.
 C = Inter-level travel time spent in this place.
 D = Time resting spent in this place.
 E = Time spent auto-exploring this place.
 F = Levels seen in this place.
 G = Mean time per level.
                   A        B        C        D        E       F      G
               +--------+--------+--------+--------+--------+-----+--------+
         Total |   3648 |   3648 |      0 |    364 |    689 |  10 |  364.8 |
       Dungeon |   3648 |   3648 |      0 |    364 |    689 |  10 |  364.8 |
               +--------+--------+--------+--------+--------+-----+--------+

Top non-repeatable levels by time:
     D:5: 602 daAuts
     D:7: 547 daAuts
     D:6: 520 daAuts
     D:8: 507 daAuts
     D:4: 465 daAuts
     D:9: 375 daAuts
     D:2: 227 daAuts
     D:3: 160 daAuts
    D:10: 141 daAuts
     D:1: 101 daAuts
